Map: Blackpink LE

Players

Leenock - Winner!

  • Race: Zerg Zerg
  • League: Grandmaster
  • Spawn Location: 1:00

Ryung

  • Race: Terran Terran
  • League: Master
  • Spawn Location: 7:00

Event: Memes & Dreams Invitational

VOD

Have the link to the VOD?

Description

Time

  • Played on: April 14, 2018, 5:05 a.m.
  • Length: 6:26

All games in this series

Show
View Real Time Build Order
Export as new Build Order

Leenock Zerg - Winner!

Build Orders: Hatch First 

Get SALT Encoding   

  12  0:00  Drone  
  13  0:12  Overlord  
  13  0:17  Drone  
  14  0:31  Drone x2  
  14  0:35  Drone  
  17  0:51  Hatchery  
  17  0:54  Drone  
  17  0:57  Drone  
  18  1:03  Extractor  
  17  1:13  Spawning Pool  
  17  1:15  Drone  
  17  1:18  Drone  
  18  1:28  Drone  
  19  1:39  Overlord  
  19  1:50  Drone  
  20  1:59  Queen  
  20  2:00  Zergling x2  
  23  2:03  Zergling x2, Queen  
  23  2:04  Metabolic Boost  
  26  2:11  Drone  
  26  2:15  Drone  
  28  2:21  Drone  
  29  2:24  Drone  
  30  2:32  Drone  
  30  2:37  Hatchery  
  30  2:39  Drone  
  31  2:46  Queen  
  31  2:51  Overlord  
  33  2:53  Drone  
  33  2:55  Drone  
  33  2:58  Drone  
  36  3:04  Overlord  
  36  3:10  Drone x2  
  36  3:12  Drone x2  
  40  3:13  Drone  
  40  3:15  Drone  
  40  3:17  Drone  
  44  3:20  Drone  
  44  3:24  Drone  
  45  3:30  Roach Warren  
  44  3:34  Overlord  
  44  3:35  Drone  
  45  3:42  Drone x4  
  45  3:43  Extractor x2, Drone  
  45  3:45  Drone  
  45  3:47  Drone  
  50  3:50  Overlord  
  50  3:53  Overlord  
  50  4:13  Roach  
  50  4:14  Roach x7  
  50  4:15  Roach  
  68  4:18  Roach  
  68  4:22  Roach x2  
  74  4:25  Overlord  
  74  4:28  Zergling x2  
  74  4:30  Zergling x2  
  76  4:32  Zergling x2  
  76  4:34  Zergling x2  
  76  4:36  Zergling x2  
  79  4:43  Zergling x2  
  79  4:45  Zergling x2  
  81  4:46  Overlord  
  81  4:47  Zergling x4  
  81  4:48  Zergling x2  
  81  4:49  Zergling x4  
  81  4:52  Ravager x2  
  89  4:53  Ravager  
  78  5:16  Ravager  
  78  5:17  Ravager  
  78  5:24  Ravager  
  72  5:37  Drone  
  72  5:38  Drone  
  72  5:39  Drone x2  
  72  5:40  Drone x5  
  72  5:41  Drone x3  
  72  5:42  Ravager  
  79  5:47  Drone x2  
  72  5:50  Ravager x2  
  72  5:55  Drone x4  
  75  6:01  Drone  
  74  6:04  Drone  
  74  6:09  Drone  
  72  6:11  Drone  
  72  6:12  Extractor x2  
  72  6:13  Hatchery  
  72  6:14  Evolution Chamber  
  72  6:15  Evolution Chamber  
Show
View Real Time Build Order
Export as new Build Order

Ryung Terran 

Build Orders: Liberator Opening, Reaper Expand 

Get SALT Encoding   

  12  0:00  SCV  
  13  0:13  SCV  
  14  0:17  Supply Depot  
  14  0:25  SCV  
  15  0:39  SCV  
  15  0:40  Barracks  
  16  0:43  Refinery  
  16  0:51  SCV  
  17  1:03  SCV  
  18  1:15  SCV  
  19  1:27  Reaper, Orbital Command  
  20  1:38  Command Center  
  20  1:51  Supply Depot  
  20  1:53  SCV  
  21  1:59  Marine  
  22  2:05  SCV  
  22  2:07  Factory  
  23  2:11  Refinery  
  23  2:17  SCV  
  23  2:21  Barracks Reactor  
  24  2:29  SCV  
  25  2:41  SCV  
  26  2:51  Starport, Orbital Command  
  26  2:53  SCV  
  27  3:02  Barracks Tech Lab  
  27  3:03  Hellion x2  
  31  3:06  SCV  
  32  3:12  Supply Depot  
  32  3:18  SCV  
  32  3:19  SCV, Liberator  
  34  3:24  Hellion x2  
  38  3:29  Barracks Tech Lab  
  38  3:30  SCV  
  38  3:31  SCV  
  43  3:42  SCV  
  43  3:43  SCV  
  45  3:49  Stimpack  
  45  3:55  Command Center  
  45  3:56  SCV  
  45  3:57  SCV  
  45  4:00  Marine  
  48  4:07  Supply Depot  
  48  4:08  Factory Reactor  
  48  4:09  SCV x2  
  50  4:18  Marine  
  50  4:21  SCV x2  
  50  4:23  Barracks  
  53  4:27  Barracks  
  53  4:29  Starport Reactor  
  53  4:34  Supply Depot, SCV x2  
  53  4:36  Marine  
  56  4:40  Engineering Bay x2  
  56  4:47  Bunker  
  56  4:48  Bunker  
  56  4:51  SCV x2  
  58  4:54  Marine  
  58  5:02  Siege Tank  
  61  5:07  SCV x2, Orbital Command  
  60  5:18  Marine x3  
  60  5:19  Marine  
  39  5:36  Marine x2  
  39  5:37  Marine  
  23  5:54  Marine x2  
  23  5:55  Marine  
  21  5:59  Marine  
  21  6:01  Marine  
Tags
 
Add a new tag
Caveats
  • Supply blocks, unpowered buildings, or Contaminate may cause inaccurate times.
  • Supply counts are checked every 10 seconds.